 Dungeon Crawl Stone Soup version 0.27.1-2-g3b301248ec (webtiles) character file.

Game seed: 15334803445729477633

39 T2blue the Chopper (level 3, 0/30 HPs)
             Began as a Minotaur Gladiator on Sept 22, 2021.
             Killed from afar by Sigmund (6 damage)
             ... with a magic dart
             ... on level 2 of the Dungeon.
             The game lasted 00:05:07 (1002 turns).

T2blue the Chopper (Minotaur Gladiator)             Turns: 1002, Time: 00:05:07

Health: 0/30       AC:  3    Str: 18    XL:     3   Next: 28%
Magic:  2/2        EV: 12    Int:  5    God:
Gold:   59         SH:  0    Dex: 12    Spells: 2/2 levels left

rFire    . . .     SeeInvis .   a - +0 war axe
rCold    . . .     Faith    .   (no shield)
rNeg     . . .     Spirit   .   b - +0 leather armour
rPois    .         Reflect  .   c - +0 hat
rElec    .         Harm     .   (no cloak)
rCorr    .         Rampage  .   (no gloves)
Will     .....                  (no boots)
Stlth    +.........             (no amulet)
HPRegen  0.10/turn              (no ring)
MPRegen  0.08/turn              (no ring)

@: confused
A: horns 2, retaliatory headbutt
a: no special abilities


You were on level 2 of the Dungeon.
You visited 1 branch of the dungeon, and saw 2 of its levels.

You collected 59 gold pieces.

Inventory:

Hand Weapons
 a - a +0 war axe (weapon)
Missiles
 d - 3 throwing nets (quivered)
Armour
 b - a +0 leather armour (worn)
 c - a +0 hat (worn)
Scrolls
 e - a scroll of amnesia {unknown}
 f - a scroll of acquirement {unknown}
 g - a scroll of noise {unknown}


   Skills:
 + Level 2.7 Fighting
 + Level 4.5 Axes
 + Level 2.2 Throwing
 + Level 0.6 Armour
 + Level 3.7 Dodging
 + Level 0.1 Stealth


You had 2 spell levels left.
You didn't know any spells.
Your spell library was empty.

Dungeon Overview and Level Annotations

Branches:
Dungeon (2/15)

Altars:

Annotations:
D:2 Sigmund


Innate Abilities, Weirdness & Mutations

You have a pair of horns on your head.
You reflexively headbutt those who attack you in melee.


Message History

Found a stone staircase leading down.
There is a stone staircase leading up here.
Found a spear.
Sigmund the Dreaded comes into view.
He is wielding a +0 scythe.
Sigmund shouts!
Sigmund gestures at you while chanting. The magic dart hits you!
Sigmund hits you from afar with a +0 scythe!
Sigmund hits you with a +0 scythe.
* * * LOW HITPOINT WARNING * * *
Okay, then.
You hit Sigmund.
Sigmund is lightly wounded.
Sigmund barely misses you.
You barely miss Sigmund. You headbutt Sigmund.
Sigmund is moderately wounded.
Sigmund gestures at you while chanting.
You are confused.
You aren't carrying any potions.
You are too confused!
Unknown command.
You hit Sigmund.
Sigmund is moderately wounded.
Sigmund closely misses you.
You bump into the rock wall.
You bump into the rock wall.
Sigmund says, "Look into my eyes."
Sigmund casts a spell at you.
You are more confused.
You bump into the rock wall.
Sigmund screams, "Die, monster!"
Sigmund hits you with a +0 scythe.
* * * LOW HITPOINT WARNING * * *
You miss Sigmund. Your headbutt misses Sigmund.
Sigmund is moderately wounded.
Sigmund hits you with a +0 scythe.
* * * LOW HITPOINT WARNING * * *
Sigmund gestures at you while chanting. The magic dart hits you.
You die...

#### #.. #@#
#.#####.# #..)..#@#
##############.#.##
##............<...#
.#.###########.#..#
#..# #.#..# .###
#>#..# ## #.#..# #
#.#..# ..#...


You could see Sigmund.

Vanquished Creatures
  A dart slug (D:1)
  An orc (D:2)
  A ball python (D:1)
  2 bats (D:1)
  An endoplasm (D:1)
  2 giant cockroaches (D:1)
  5 hobgoblins
  4 jackals (D:1)
  3 kobolds
  3 quokkas (D:1)
  A frilled lizard (D:1)
  4 goblins
  3 rats
31 creatures vanquished.

Notes
Turn   | Place    | Note
-------+----------+-------------------------------------------
     0 | D:1      | T2blue the Minotaur Gladiator began the quest for the Orb.
     0 | D:1      | Reached XP level 1. HP: 18/18 MP: 0/0
    66 | D:1      | Reached skill level 4 in Axes
   179 | D:1      | Reached XP level 2. HP: 25/25 MP: 1/1
   723 | D:1      | Reached XP level 3. HP: 30/30 MP: 2/2
   991 | D:2      | Noticed Sigmund
  1002 | D:2      | Killed from afar by Sigmund

Illustrated notes

Levels and vault maps discovered:
D:1:      dpeg_arrival_rooms_with_view, layout_rooms, serial_glass,
          glass_columns_c, glass_columns_b, glass_columns_a, glass_columns_c,
          glass_columns_c, glass_columns_b, glass_columns_b, glass_columns_a,
          dk_noncrumbling_2
D:2:      layout_loops_ring, serial_shops, shop,
          hellmonk_ecumenical_altar_crossroads, uniq_sigmund

Skill      XL: |  1 |
---------------+----+-----
Axes           | 4 |  4.5
Fighting       | |  2.7
Throwing       | |  2.2
Armour         | |  0.6
Dodging        | |  3.7
Stealth        | |  0.1

Action                   || total
-------------------------++-------
Melee: War axe           ||    66
       Headbutt          ||     7
Armor: Leather armour    ||    17
Dodge: Dodged            ||    38
